 Dungeon Crawl Stone Soup version 0.19.1 (webtiles) character file.

1968 Ladykiller69 the Cleaver (level 9, -5/67 (68) HPs)
             Began as a Formicid Fighter on Nov 26, 2016.
             Was a Follower of Cheibriados.
             Slain by a manticore (14 damage)
             ... on level 9 of the Dungeon.
             The game lasted 00:16:42 (5419 turns).

Ladykiller69 the Cleaver (Formicid Fighter)         Turns: 5419, Time: 00:16:43

HP:   -5/67 (68)    AC:  9    Str: 24      XL:     9   Next: 43%
MP:   9/9           EV:  9    Int: 12      God:    Cheibriados [*.....]
Gold: 282           SH: 11    Dex: 11 (12) Spells: 0 memorised, 8 levels left

rFire  . . .     SeeInvis +     a - +0 war axe
rCold  . . .     Gourm    .     b - +0 scale mail
rNeg   . . .     Faith    .     c - +0 shield
rPois  .         Spirit   .     (helmet unavailable)
rElec  .         Reflect  .     t - +0 cloak
rCorr  .         Harm     .     y - +0 pair of gloves
MR     .....                    (no boots)
Stlth  ..........               (no amulet)
                                (no ring)
                                (no ring)

@: barbed spikes, very slow
A: permanent stasis, dig shafts and tunnels, four strong arms, antennae 3
a: Dig, Shaft Self, Bend Time, Renounce Religion


You were on level 9 of the Dungeon.
You worshipped Cheibriados.
Cheibriados was aware of your devotion.
You were hungry.

You visited 2 branches of the dungeon, and saw 10 of its levels.

You collected 282 gold pieces.

Inventory:

Hand Weapons
 a - a +0 war axe (weapon)
 s - a +1 flail of protection
Missiles
 k - 183 stones (quivered)
Armour
 b - a +0 scale mail (worn)
 c - a +0 shield (worn)
 t - a +0 cloak (worn)
 y - a +0 pair of gloves (worn)
Jewellery
 J - a +5 ring of evasion {unknown}
Wands
 A - a wand of iceblast (10/15)
 D - a wand of slowing (23/48)
 H - a wand of random effects (24/48)
 K - a wand of confusion (19/48)
 L - a wand of lightning (8/15)
Scrolls
 h - 9 scrolls of identify {unknown}
 i - 2 scrolls of random uselessness {unknown}
 j - 4 scrolls of magic mapping {unknown}
 l - 6 scrolls of remove curse {unknown}
 m - a scroll of enchant weapon {unknown}
 q - 4 scrolls of blinking {unknown}
 u - 3 scrolls of enchant armour {unknown}
 w - 3 scrolls of teleportation {unknown}
 B - 3 scrolls of fear {unknown}
 C - a scroll of immolation {unknown}
 F - a scroll of recharging {unknown}
 N - a scroll of noise {unknown}
Potions
 d - 2 potions of might
 e - 5 potions of curing {unknown}
 n - 2 potions of magic {unknown}
 r - a potion of brilliance {unknown}
 v - a potion of resistance {unknown}
 x - a potion of flight {unknown}
 z - a potion of mutation {unknown}
 E - a potion of lignification {unknown}
 G - 2 potions of heal wounds {unknown}
Books
 I - a book of Battle

   Spells                             Type                      Level
   a - Infusion                       Charms                       1
   b - Shroud of Golubria             Charms/Translocation         2
   c - Song of Slaying                Charms                       2
   d - Spectral Weapon                Hexes/Charms                 3
   e - Regeneration                   Charms/Necromancy            3
Comestibles
 f - 7 bread rations
 g - 2 beef jerkies
 o - 2 slices of pizza
 p - 3 meat rations


   Skills:
 - Level 5.0 Fighting
 * Level 9.0 Axes
 - Level 5.1 Armour
 + Level 8.1 Shields


You had 8 spell levels left.
You didn't know any spells.

Dungeon Overview and Level Annotations

Branches:
Dungeon (8/15)             Temple (1/1) D:6
   Lair: D:8-11

Altars:
Ashenzari
Cheibriados
Dithmenos
Elyvilon
Fedhas
Hepliaklqana
Kikubaaqudgha
Makhleb
Nemelex Xobeh
Okawaru
Qazlal
Ru
Sif Muna
Trog
Vehumet
Xom
Yredelemnul
The Shining One

Annotations:
D:7 Menkaure
D:8 Erica, Maurice


Innate Abilities, Weirdness & Mutations

You are under a permanent stasis effect.
You can dig through walls and to a lower floor.
Your four strong arms can wield two-handed weapons with a shield.
You have a pair of large antennae on your head. (SInv)


Message History

The manticore is moderately wounded.
You block the manticore's attack. x2; The manticore barely misses you.
You hit the manticore but do no damage.
The manticore is moderately wounded.
The manticore bites you! The manticore claws you! The manticore claws you.
You hit the manticore.
The manticore is moderately wounded.
The manticore barely misses you. The manticore claws you!
* * * LOW HITPOINT WARNING * * *
The manticore claws you!
* * * LOW HITPOINT WARNING * * *
You barely miss the manticore.
The manticore is moderately wounded.
The manticore bites you but does no damage.
The manticore closely misses you.
The manticore claws you but does no damage.
Are you sure you want to shaft yourself?
You are feeling hungry.
The manticore bites you!
You die...

#. #.# #.#
#.#### #....#
#.!..#
##.####....#
...........#
....##.@..###
# #.H..#.#
#.#.#.##
%..#.###
#.......
#.....=..
#........#
######.###
#.#


You could see a manticore.

Vanquished Creatures
  Sigmund (D:2)
  Eustachio (D:4)
  Edmund (D:4)
  A sky beast (D:6)
  A necrophage (D:5)
  The ghost of Melicamp the Stinger, an amateur NaVM (D:3)
  2 centaurs
  Blork the orc (D:4)
  A bullfrog (D:6)
  4 howler monkeys
  2 crimson imps (D:6)
  A quasit (D:7)
  Crazy Yiuf (D:2)
  A hound (D:5)
  3 orc priests
  2 centaur skeletons
  4 orc wizards
  2 iguanas
  Terence (D:2)
  Ijyb (D:2)
  5 worker ants
  A killer bee zombie (D:6)
  5 gnolls
  5 adders
  A howler monkey skeleton (D:4)
  A shadow imp (D:6)
  2 oozes
  2 adder skeletons
  3 worms
  3 dart slugs
  5 leopard geckos
  8 orcs
  3 giant cockroaches
  8 goblins
  6 hobgoblins
  14 jackals
  A quokka (D:2)
  6 bats
  6 frilled lizards
  8 kobolds
  10 rats
135 creatures vanquished.

Notes
Turn   | Place    | Note
-------+----------+-------------------------------------------
     0 | D:1      | Ladykiller69 the Formicid Fighter began the quest for the Orb.
     0 | D:1      | Reached XP level 1. HP: 18/18 MP: 1/1
    70 | D:1      | Reached XP level 2. HP: 16/24 MP: 2/2
   299 | D:1      | Reached XP level 3. HP: 29/29 MP: 3/3
   800 | D:2      | Noticed Ijyb
   809 | D:2      | Killed Ijyb
   809 | D:2      | Reached skill level 3 in Axes
   809 | D:2      | Reached XP level 4. HP: 30/36 MP: 4/4
   817 | D:2      | Found a faded altar of an unknown god.
   829 | D:2      | Noticed Sigmund
   841 | D:2      | Killed Sigmund
   841 | D:2      | Reached skill level 4 in Axes
   841 | D:2      | Reached XP level 5. HP: 21/42 MP: 5/5
   841 | D:2      | Reached XP level 6. HP: 24/48 MP: 6/6
  1115 | D:2      | Found an iron altar of Okawaru.
  1444 | D:2      | Noticed Terence
  1464 | D:2      | Killed Terence
  1481 | D:2      | Found a runed door.
  1734 | D:2      | Noticed Crazy Yiuf
  1744 | D:2      | Killed Crazy Yiuf
  2216 | D:3      | Reached XP level 7. HP: 53/55 MP: 7/7
  2218 | D:3      | Reached skill level 5 in Shields
  2393 | D:3      | Noticed Melicamp's ghost (amateur NaVM)
  2432 | D:3      | Killed Melicamp's ghost
  2432 | D:3      | Reached skill level 5 in Axes
  2780 | D:4      | Noticed Eustachio
  2821 | D:4      | Killed Eustachio
  2821 | D:4      | Reached skill level 5 in Fighting
  2821 | D:4      | Reached skill level 5 in Armour
  2942 | D:4      | Noticed Edmund
  2966 | D:4      | Killed Edmund
  2966 | D:4      | Reached XP level 8. HP: 52/62 MP: 8/8
  2970 | D:4      | Found a sparkling altar of Nemelex Xobeh.
  3059 | D:4      | Reached skill level 6 in Axes
  3277 | D:4      | Noticed Blork the orc
  3288 | D:4      | Killed Blork the orc
  3417 | D:4      | Found a basalt altar of Yredelemnul.
  3428 | D:4      | Found a glowing golden altar of the Shining One.
  3430 | D:4      | Noticed an angel
  3470 | D:5      | Entered Level 5 of the Dungeon
  3532 | D:5      | Found a blossoming altar of Fedhas.
  3890 | D:5      | Reached skill level 7 in Axes
  4000 | D:5      | Found a bloodstained altar of Trog.
  4060 | D:5      | Found a sparkling altar of Nemelex Xobeh.
  4367 | D:6      | Reached XP level 9. HP: 53/67 MP: 9/9
  4418 | D:6      | Reached skill level 8 in Axes
  4500 | D:6      | Found a staircase to the Ecumenical Temple.
  4516 | Temple   | Entered the Ecumenical Temple
  4547 | Temple   | Became a worshipper of Cheibriados the Contemplative
  5154 | D:7      | Noticed Menkaure
  5194 | D:8      | Reached * piety under Cheibriados
  5194 | D:8      | Reached skill level 9 in Axes
  5195 | D:8      | Noticed Maurice
  5195 | D:8      | Noticed Erica
  5198 | D:8      | You fall through a shaft!
  5408 | D:9      | Noticed a manticore
  5419 | D:9      | Slain by a manticore

Skill      XL: |  1  2  3  4  5  6  7  8  9 |
---------------+----------------------------+-----
Axes           | 3 4 5 7 9 |  9.0
Shields        | 4 5 7 8 |  8.1
Fighting       | 4 5 |  5.0
Armour         | 4 5 |  5.1

Action                   |  1- 3 |  4- 6 |  7- 9 || total
-------------------------+-------+-------+-------++-------
Melee: War axe           |    85 |   140 |   381 ||   606
 Abil: Dig               |       |     7 |     7 ||    14
       Shaft Self        |       |       |     2 ||     2
  Eat: Chunk             |       |     5 |    12 ||    17
Armor: Scale mail        |    23 |    37 |   135 ||   195
Dodge: Dodged            |    23 |    35 |   117 ||   175
Block: Shield            |    38 |    71 |   211 ||   320
